 Dungeon Crawl Stone Soup version 0.30.1-4-g462c640d31 (webtiles) character file.

Game seed: 8398145046828659957

20183 spardeous the Severer (level 12, -4/110 HPs)
             Began as a Minotaur Berserker on Aug 23, 2023.
             Was an Elder of Trog.
             Slain by a vampire knight
             ... wielding a +3 vampiric long sword
              (10 damage)
             ... on level 12 of the Dungeon.
             The game lasted 00:19:01 (11548 turns).

spardeous the Severer (Minotaur Berserker)         Turns: 11548, Time: 00:19:01

Health: -4/110     AC: 13    Str: 27    XL:     12   Next: 43%
Magic:  11/11      EV: 20    Int:  4    God:    Trog [****..]
Gold:   913        SH:  5    Dex: 16    Spells: 11/11 levels left

rFire   + . .        f - +2 hand axe (freeze)
rCold   . . .        w - +2 buckler of the Parsimonious God {+Blink Regen+}
rNeg    . . .        c - +2 ring mail {rF+}
rPois   .            (helmet restricted)
rElec   .            z - +2 cloak {Stlth+}
rCorr   .            (no gloves)
SInv    .            (no boots)
Will    .....        (no amulet)
Stlth   ++           k - +5 ring of evasion
HPRegen 1.18/turn    y - +6 ring of dexterity
MPRegen 0.12/turn

%: no passive effects
@: on berserk cooldown, slowed, very slow
A: horns 2, retaliatory headbutt
a: Renounce Religion, Evoke Blink, Berserk, Trog's Hand, Brothers in Arms


You were on level 12 of the Dungeon.
You worshipped Trog.
Trog was greatly pleased with you.
You visited 1 branch of the dungeon, and saw 12 of its levels.
You also visited: Sewer.

You collected 960 gold pieces.
You spent 47 gold pieces at shops.

Inventory:

Hand Weapons
 a - a +0 hand axe
 f - a +2 hand axe of freezing (weapon)
 J - the +1 war axe "Jiniosogg" {heavy, rN+}
   (You found it on level 9 of the Dungeon)

   rN:        It protects you from negative energy.
 N - a +2 shortbow of freezing
Missiles
 u - 2 throwing nets (quivered)
Armour
 b - a +0 animal skin
 c - a +2 ring mail of fire resistance (worn)
 i - a +0 scale mail of poison resistance
 m - a scarf of shadows
 w - the +2 buckler of the Parsimonious God (worn) {+Blink Regen+}
   (You acquired it on level 8 of the Dungeon)

   +Blink:    It lets you blink.
   Regen:     It increases your rate of health regeneration.
 z - a +2 cloak of stealth (worn)
 E - a +0 troll leather armour {Pargi}
Jewellery
 k - a +5 ring of evasion (left hand)
 l - a ring of ice
 y - a +6 ring of dexterity (right hand)
 K - a ring of positive energy
 M - a ring of willpower
Wands
 r - a wand of flame (62)
 G - a wand of polymorph (26)
 I - a wand of acid (4)
 L - a wand of digging (6)
 P - a wand of charming (12)
Scrolls
 d - 9 scrolls of teleportation
 g - 8 scrolls of immolation {unknown}
 h - a scroll of fear {unknown}
 p - 3 scrolls of summoning
 s - a scroll of enchant weapon
 x - 3 scrolls of enchant armour
 C - a scroll of fog
 D - a scroll of blinking
 F - a scroll of poison
 H - 2 scrolls of magic mapping {unknown}
 O - 2 scrolls of vulnerability
 R - 2 scrolls of amnesia {unknown}
 T - 2 scrolls of identify
Potions
 e - 6 potions of curing {unknown}
 j - 2 potions of haste
 n - 6 potions of mutation {unknown}
 o - 2 potions of invisibility
 q - a potion of flight
 t - a potion of attraction
 v - a potion of might
 A - 3 potions of brilliance
 B - 3 potions of resistance
 Q - 6 potions of heal wounds
 S - a potion of lignification


   Skills:
 - Level 11.1 Fighting
 - Level 15.7 Axes
 - Level 14.0 Armour
 + Level 8.3 Dodging


You had 11 spell levels left.
You didn't know any spells.
Your spell library was empty.

Dungeon Overview and Level Annotations

Branches:
Dungeon (12/15)            Temple (0/1) D:5            Lair (0/5) D:9
    Orc (0/2) D:12          Sewer (visited)

Altars:
Cheibriados
Dithmenos
Elyvilon
Gozag
Kikubaaqudgha
Makhleb
Okawaru
Qazlal
Ru
Sif Muna
Trog
Uskayaw
The Shining One

Shops:
D:5 :*   D:12 *

Annotations:
D:9 3 runed translucent doors, Diggabert's ghost, novice TeAE; Drain's ghost, novice OpCj; Gorgoleon's ghost, journeyman TrGl; spardeous's ghost, novice DgCj


Innate Abilities, Weirdness & Mutations

You have a pair of horns on your head.
You reflexively headbutt those who attack you in melee.


Message History

Something draws strength from your injuries!
You take 34 damage, and have 91/165 hp.
MASSIVE DAMAGE!!
You hit something. You freeze something. Your headbutt misses something.
You slash something! You freeze something. You headbutt something.
Something hits you!!
* * * LOW HITPOINT WARNING * * *
Something bites you.
* * * LOW HITPOINT WARNING * * *
Something draws strength from your injuries!
You take 33 damage, and have 59/165 hp.
You don't know any spells.
You are too berserk!
You closely miss something.
You are no longer berserk.
You are exhausted.
You feel yourself slow down. Something hits you.
* * * LOW HITPOINT WARNING * * *
Something bites you but does no damage.
You now have 34/110 hp.
Blink to where?
Press: ? - help, Dir - move target
Okay, then.
Blink to where?
Press: ? - help, Dir - move target
As you read the scroll of blinking, it crumbles to dust.
You regained 2 hp, and now have 36/110 hp.
You don't know any spells.
Unknown command.
You fail to use your ability.
You fail to use your ability.
You regained 2 hp, and now have 39/110 hp.
Your two-headed ogre goes berserk!
Trog will no longer gift you weapons. Something completely misses you.
Something bites you!
* * * LOW HITPOINT WARNING * * *
Something draws strength from your injuries!
Something hits you!!
* * * LOW HITPOINT WARNING * * *
Something bites you!
You die...

#.# #..##.# #.# #.# #..##.#
#.# ####################.#
#...#.....#.....)[##.#
#...#.....#...)([>##.#
#.."#....)#.......##.# #
#...#####'##'#######.#######
#...'..).O....#...#.<.......
#####......@..#)..#..######.
#..#####..'†..#..######.
+..#####..#####.........
#.........# #...######
#....))...+ ###.######
#####'##### #.........
#8≈≈≈≈≈≈≈8# #.#.######
#≈≈≈≈≈≈≈≈≈# #.[.#
#~~~~≈≈~~~# #.###


You could see a friendly two-headed ogre (summoned, berserk).

Vanquished Creatures
  Rupert (D:12)
  The ghost of ShellytheWitch the Fighter, a journeyman MiFi of Okawaru (D:10)
  2 boulder beetles
  4 two-headed ogres
  An ugly thing (D:11)
  A cyclops (D:11)
  Joseph (D:7)
  A gargoyle (D:11)
  Maggie (D:7)
  2 unseen horrors
  A kobold demonologist (D:12)
  A komodo dragon (D:11)
  3 trolls
  A hornet (D:9)
  7 slime creatures
  A centaur simulacrum (D:12)
  3 shadows
  4 wyverns
  5 wraiths
  2 vampires (D:12)
  14 yaks
  A steam dragon (D:7)
  5 vampire mosquitoes (D:12)
  An acid dragon (D:8)
  A water moccasin (D:8)
  Pargi (Sewer)
  6 orc warriors
  A sky beast (D:6)
  A black bear (D:9)
  2 ogres
  4 centaurs
  10 kobold brigands
  A phantom (D:4)
  3 bullfrogs
  A gnoll sergeant (D:9)
  6 scorpions
  10 wights
  4 killer bees (D:9)
  A howler monkey (D:11)
  4 hounds
  2 jellies
  Crazy Yiuf (D:5)
  5 orc priests
  2 gnoll boudas
  Ijyb (D:5)
  3 sleepcaps
  2 iguanas
  8 orc wizards
  13 gnolls
  8 adders
  A white imp (D:7)
  2 ufetubi
  3 worms
  The ghost of croobank the Sneak, a weakling OpDe (D:6)
  2 dart slugs (D:2)
  31 orcs
  10 ball pythons
  6 bats
  10 endoplasms
  11 giant cockroaches
  7 goblins
  3 hobgoblins
  10 jackals
  17 kobolds
  3 frilled lizards (Sewer)
  7 rats
  A spectral kobold (D:2)
290 creatures vanquished.

Vanquished Creatures (collateral kills)
  A kobold demonologist (D:10)
  2 kobold brigands (D:10)
3 creatures vanquished.

Grand Total: 293 creatures vanquished

Notes
Turn   | Place    | Note
-------+----------+-------------------------------------------
     0 | D:1      | spardeous the Minotaur Berserker began the quest for the
                  | Orb.
     0 | D:1      | Reached XP level 1. HP: 19/19 MP: 0/0
   173 | D:1      | Reached skill level 4 in Axes
   418 | D:1      | Reached XP level 2. HP: 26/26 MP: 1/1
   772 | D:1      | Reached skill level 5 in Axes
   875 | D:1      | Reached XP level 3. HP: 31/31 MP: 2/2
  1204 | D:2      | Reached ** piety under Trog
  1234 | D:2      | Found a faded altar of an unknown god.
  1656 | D:2      | Reached skill level 6 in Axes
  1656 | D:2      | Reached XP level 4. HP: 36/39 MP: 3/3
  1739 | D:2      | Found a hide-covered altar of Uskayaw.
  2278 | D:3      | Found an ancient bone altar of Kikubaaqudgha.
  2441 | D:3      | Found a glowing golden altar of the Shining One.
  2927 | D:4      | Reached XP level 5. HP: 45/45 MP: 4/4
  2929 | D:4      | Reached skill level 7 in Axes
  3044 | D:4      | Reached skill level 8 in Axes
  3257 | D:4      | Found a burning altar of Makhleb.
  3257 | D:4      | Noticed an Executioner
  3257 | D:4      | Noticed a phantom
  3267 | D:4      | Killed a phantom
  3268 | D:4      | Reached XP level 6. HP: 48/51 MP: 5/5
  3320 | D:5      | Entered Level 5 of the Dungeon
  3322 | D:5      | Noticed Ijyb
  3333 | D:5      | Killed Ijyb
  3334 | D:5      | Reached skill level 9 in Axes
  3370 | D:5      | Found Beefeen's Gadget Gallery.
  3503 | D:5      | Found a staircase to the Ecumenical Temple.
  3515 | D:5      | Reached *** piety under Trog
  3550 | D:5      | Reached XP level 7. HP: 48/57 MP: 6/6
  3738 | D:5      | Found a shadowy altar of Dithmenos.
  3770 | D:5      | Found a snail-covered altar of Cheibriados.
  3812 | D:5      | Found a shimmering blue altar of Sif Muna.
  3855 | D:5      | Found Limpalu's Book Emporium.
  3989 | D:5      | Found a runed translucent door.
  3990 | D:5      | Noticed Crazy Yiuf
  4081 | D:5      | Reached skill level 10 in Axes
  4210 | D:5      | Found a shadowy altar of Dithmenos.
  4224 | D:5      | Found a staircase to the Ecumenical Temple.
  4414 | D:5      | Found Limpalu's Book Emporium.
  4436 | D:5      | Found a shimmering blue altar of Sif Muna.
  4456 | D:5      | Found a snail-covered altar of Cheibriados.
  4625 | D:5      | Found Beefeen's Gadget Gallery.
  4830 | D:5      | Killed Crazy Yiuf
  4948 | D:6      | Found a runed translucent door.
  4951 | D:6      | Noticed croobank's ghost (weakling OpDe)
  4979 | D:6      | Reached skill level 11 in Axes
  5078 | D:6      | Found a glowing drain.
  5087 | Sewer    | Entered a sewer
  5242 | Sewer    | Noticed Pargi
  5260 | Sewer    | Killed Pargi
  5524 | D:6      | Reached XP level 8. HP: 64/64 MP: 7/7
  5670 | D:6      | Reached skill level 12 in Axes
  5816 | D:6      | Found a sacrificial altar of Ru.
  6027 | D:6      | Killed croobank's ghost
  6180 | D:3      | Identified a scroll of acquirement
  6418 | D:7      | Reached skill level 13 in Axes
  6525 | D:7      | Found an iron altar of Okawaru.
  6554 | D:7      | Reached **** piety under Trog
  6559 | D:7      | Noticed Maggie
  6730 | D:7      | Killed Maggie
  6731 | D:7      | Reached skill level 14 in Axes
  6731 | D:7      | Reached XP level 9. HP: 70/70 MP: 8/8
  7013 | D:7      | Found a white marble altar of Elyvilon.
  7210 | D:7      | Reached skill level 15 in Axes
  7285 | D:7      | Noticed Joseph
  7304 | D:7      | Killed Joseph
  7305 | D:7      | Reached skill level 5 in Fighting
  7446 | D:8      | Acquired the +2 buckler of the Parsimonious God {+Blink
                  | Regen+}
  7630 | D:8      | Noticed a troll
  7641 | D:8      | Killed a troll
  7657 | D:8      | Reached XP level 10. HP: 86/88 MP: 9/9
  7919 | D:8      | Found a bloodstained altar of Trog.
  8288 | D:9      | Reached skill level 10 in Fighting
  8515 | D:9      | Reached ***** piety under Trog
  8585 | D:9      | Identified the +1 war axe "Jiniosogg" {heavy, rN+}
  8695 | D:9      | Reached skill level 5 in Armour
  8758 | D:9      | Found an opulent altar of Gozag.
  8798 | D:9      | Found a staircase to the Lair.
  8834 | D:9      | Found a runed translucent gate.
  8834 | D:9      | Found a runed translucent gate.
  8837 | D:9      | Noticed Gorgoleon's ghost (journeyman TrGl)
  8839 | D:9      | Found a runed translucent gate.
  8839 | D:9      | Noticed spardeous's ghost (novice DgCj)
  8840 | D:9      | Noticed Diggabert's ghost (novice TeAE)
  8840 | D:9      | Noticed Drain's ghost (novice OpCj)
  9167 | D:10     | Entered Level 10 of the Dungeon
  9167 | D:10     | Found a runed translucent gate.
  9167 | D:10     | Found a runed translucent gate.
  9167 | D:10     | Found a runed translucent gate.
  9233 | D:10     | Received a gift from Trog
  9315 | D:10     | Noticed a two-headed ogre
  9325 | D:10     | Killed a two-headed ogre
  9326 | D:10     | Reached XP level 11. HP: 102/102 MP: 10/10
  9416 | D:10     | Noticed ShellytheWitch's ghost (journeyman MiFi)
  9614 | D:10     | Found a stormy altar of Qazlal.
  9700 | D:10     | Killed ShellytheWitch's ghost
  9701 | D:10     | Reached skill level 10 in Armour
  9855 | D:11     | Noticed a two-headed ogre
  9862 | D:11     | Killed a two-headed ogre
  9969 | D:11     | Noticed a boulder beetle
  9985 | D:11     | Killed a boulder beetle
 10314 | D:11     | Noticed a red ugly thing
 10321 | D:11     | Killed a red ugly thing
 10534 | D:12     | Found a staircase to the Orcish Mines.
 10576 | D:12     | Found Cisahotz's Assorted Antiques.
 10581 | D:12     | Bought a scroll labelled ZUHARIZ NAYN for 25 gold pieces
 10581 | D:12     | Bought a sapphire potion for 22 gold pieces
 11110 | D:12     | Reached XP level 12. HP: 110/110 MP: 11/11
 11295 | D:12     | Noticed Rupert
 11307 | D:12     | Noticed a two-headed ogre
 11311 | D:12     | Killed Rupert
 11312 | D:12     | Reached skill level 5 in Dodging
 11316 | D:12     | Killed a two-headed ogre
 11388 | D:12     | Noticed a two-headed ogre
 11389 | D:12     | Noticed a boulder beetle
 11399 | D:12     | Killed a two-headed ogre
 11408 | D:12     | Killed a boulder beetle
 11520 | D:12     | Noticed a vampire knight
 11548 | D:12     | Slain by a vampire knight

Illustrated notes

Levels and vault maps discovered:
D:1:      dpeg_arrival_simpleton_c, layout_basic, hangedman_abyss_or_decor_stabs
D:2:      kennysheep_big_flooded_room, layout_loops_ring, basic_altar,
          dreamdust_ecumenical_altar_drowned_temple
D:3:      layout_loops_ring, nicolae_tso_swordbearing_angel,
          mainiacjoe_overflow_catwalk, chequers_serial_rivers_micro_e
D:4:      layout_basic, makhleb_altar_promises_db, minmay_misc_feat_chi,
          minmay_misc_feat_tiny, st_stairs_7
D:5:      layout_loops_ring, lemuel_tele_altar,
          mainiacjoe_overflow_large_starburst, minmay_temple_entry_ruins,
          serial_shops, shop, nicolae_shop_gadgets, uniq_ijyb,
          uniq_crazy_yiuf_cottage
D:6:      nicolae_BIG_FREAKIN_CUBE, layout_basic, nicolae_ru_awakened_eye,
          hellmonk_ghost_happy_afterlife, portal_sewer_entry_e
D:7:      layout_rooms, elyvilon_altar_3, mainiacjoe_overflow_tiny_flanked,
          minmay_fractal_squares_5, uniq_maggie, uniq_joseph
D:8:      layout_basic, bloody_trog, kennysheep_doodads, glass_columns_a,
          st_stairs_11
D:9:      layout_long_grid, grunt_gozag_statues, grunt_lair_entry_orc_guard_hut,
          gammafunk_ghost_cemetery, serial_glass, glass_columns_a,
          glass_columns_a, glass_columns_a, glass_columns_a, glass_columns_a,
          glass_columns_c
D:10:     layout_cave_pools, mainiacjoe_overflow_boulevard,
          gammafunk_ghost_nasty_kobolds
D:11:     layout_basic
D:12:     layout_loops_ring, orc_0_dummy, serial_shops,
          nicolae_shop_rolling_square, grunt_ogre_cave, evilmike_minifort,
          uniq_rupert

Skill      XL: |  1  2  3  4  5  6  7  8  9 10 11 12 |
---------------+-------------------------------------+-----
Axes           | 4 5 6 8 9 11 14 15 | 15.7
Fighting       | 7 11 | 11.1
Armour         | 8 14 | 14.0
Dodging        | 8 |  8.3

Action                     |  1- 3 |  4- 6 |  7- 9 | 10-12 || total
---------------------------+-------+-------+-------+-------++-------
  Melee: Hand axe          |    87 |   114 |   269 |   442 ||   912
         Headbutt          |     9 |     9 |    56 |   122 ||   196
         Punch             |       |     1 |     4 |       ||     5
 Invoke: Berserk           |       |     2 |     5 |     7 ||    14
         Brothers in Arms  |       |       |       |     2 ||     2
    Use: Scroll            |       |       |    13 |    11 ||    24
         Potion            |       |       |       |     1 ||     1
   Stab: Sleeping          |     1 |       |     2 |     1 ||     4
 Armour: Ring mail         |    30 |    35 |    52 |    77 ||   194
         Animal skin       |     3 |       |       |       ||     3
  Dodge: Dodged            |    48 |   100 |   172 |   206 ||   526
  Block: Buckler           |       |       |     9 |    85 ||    94
